 Dungeon Crawl Stone Soup version 0.29.1-1-gd02db6906a (webtiles) character file.

Game seed: 1743419020371755337

247 Hadkhar the Digger (level 6, -1/34 HPs)
             Began as a Gargoyle Earth Elementalist on Oct 16, 2022.
             Slain by an orc wizard
             ... wielding a +0 dagger
              (3 damage)
             ... on level 4 of the Dungeon on Oct 17, 2022.
             The game lasted 00:20:15 (4236 turns).

Hadkhar the Digger (Gargoyle Earth Elementalist)    Turns: 4236, Time: 00:20:17

Health: -1/34      AC: 13    Str: 11    XL:     6   Next: 11%
Magic:  9/10       EV: 10    Int: 18    God:
Gold:   143        SH:  0    Dex: 14    Spells: 10/11 levels left

rFire   . . .      SeeInvis .   q - +5 quarterstaff of Mus Dyha {vorpal, *Noise rPois rC+ Dex+4}
rCold   + . .      Faith    .   (shield currently unavailable)
rNeg    + . .      Spirit   .   g - +3 ring mail
rPois   ∞          Reflect  .   (no helmet)
rElec   +          Harm     .   (no cloak)
rCorr   .          Rampage  .   c - +0 pair of gloves
Will    .....                   (no boots)
Stlth   ++........              (no amulet)
HPRegen 0.11/turn               (no ring)
MPRegen 0.12/turn               (no ring)

@: no status effects
A: sickness immunity, AC +4, negative energy resistance 1, electricity
resistance, torment resistance 1, petrification resistance
a: no special abilities


You were on level 4 of the Dungeon.
You visited 1 branch of the dungeon, and saw 5 of its levels.

You collected 143 gold pieces.

Inventory:

Hand Weapons
 h - a +0 war axe
 i - a +2 dagger of venom
 q - the +5 quarterstaff of Mus Dyha (weapon) {vorpal, *Noise rPois rC+ Dex+4}
   (You found it on level 3 of the Dungeon)

   It inflicts extra damage upon your enemies.
   Dex:       It affects your dexterity (+4).
   rC:        It protects you from cold.
   rPois:     It protects you from poison.
   *Noise:    It may make noises in combat.
Missiles
 m - 4 poisoned darts (quivered)
Armour
 c - a +0 pair of gloves (worn)
 g - a +3 ring mail (worn)
 k - a +0 buckler
Wands
 r - a wand of flame (19)
Scrolls
 d - 2 scrolls of vulnerability {unknown}
 l - a scroll of identify {unknown}
 o - a scroll of magic mapping {unknown}
 s - a scroll of enchant armour {unknown}
Potions
 a - a potion of brilliance {unknown}
 b - 2 potions of magic
 e - 2 potions of curing {unknown}
 f - 3 potions of heal wounds {unknown}
 j - 3 potions of lignification {unknown}
 n - a potion of ambrosia {unknown}
 p - a potion of might {unknown}


   Skills:
 + Level 1.2 Fighting
 + Level 1.1 Armour
 - Level 1.5 Dodging
 + Level 4.0 Stealth
 + Level 3.1 Spellcasting
 - Level 0.7 Transmutations
 + Level 5.9 Earth Magic


You had 10 spell levels left.
You knew the following spells:

 Your Spells              Type           Power      Damage    Failure   Level
a - Sandblast             Erth           48%        2d12      3%          1

Your spell library contained the following spells:

 Spells                   Type           Power      Damage    Failure   Level
 Passwall                 Tmut/Erth      11%        N/A       14%         2
 Stone Arrow              Conj/Erth      26%        3d8       32%         3
 Petrify                  Tmut/Erth      14%        N/A       67%         4


Dungeon Overview and Level Annotations

Branches:
Dungeon (5/15)
 Temple: D:4-7

Altars:

Shops:
D:3 =


Innate Abilities, Weirdness & Mutations

You are immune to sickness and miasma.
Your stone body is resilient. (AC +4)
You are immune to poison.
You resist negative energy. (rN+)
You are resistant to electric shocks. (rElec)
You are resistant to unholy torment.
You are immune to petrification.


Message History

The orc priest hits you with a +0 club. The orc hits you with a +0 mace.
The orc priest closely misses you.
The orc priest attacks as you move away!
The orc priest hits you with a +0 club.
The orc wizard casts a spell.
The orc wizard flickers and vanishes!
Deactivating autopickup; reactivate with Ctrl-A.
The orc priest calls down the wrath of Beogh upon you.
Pain shoots through your body!
* * * LOW HITPOINT WARNING * * *
You miss the orc. The orc barely misses you.
The orc hits you but does no damage.
You feel less confused. The orc hits you but does no damage.
The orc priest hits you with a +0 club.
* * * LOW HITPOINT WARNING * * *
You sock the orc priest!
The orc priest is severely wounded.
Something completely misses you. The orc hits you but does no damage.
The orc priest completely misses you. Something hits you but does no damage.
The orc priest completely misses you. The orc hits you with a +0 mace.
* * * LOW HITPOINT WARNING * * *
You thump the orc priest!
You kill the orc priest!
Something hits you.
* * * LOW HITPOINT WARNING * * *
The orc completely misses you.
Your Fighting skill increases to level 1!
Your Armour skill increases to level 1!
Your Stealth skill increases to level 4!
You have reached level 6!
Casting: Sandblast (safe; 3% risk of failure)
Confirm with . or Enter, or press ? or * to list all spells.
Aiming: Sandblast (safe; 3% risk of failure)
Press: ? - help, Shift-Dir - straight line, f - orc
Aim: an orc, wielding a +0 mace and wearing a +0 chain mail (87% to hit)
The blast of sand hits the orc but does no damage.
Something hits you but does no damage. The orc hits you with a +0 mace.
* * * LOW HITPOINT WARNING * * *
Something hits you.
You die...

..........###.............###....
...........##.#.#.<.......##.....
..............#............###...
.........####.(...........##.....
..........####....##.............
..........##......)..####........
.................................
..........#....)o..#.##..........
##........###...@..#.#......#.<..
###......###...##)#..............
#........#....##.##...<........#
##..........##.##............<.>#
#...........####..#..........#.##
#..........## #..####.....o.###
#..........# ..## ##.....oo#
...........# #.. #.....o##
#...........# #.. ......##.#


You could see an orc.

Vanquished Creatures
  A hound (D:4)
  3 orc priests (D:4)
  Ijyb (D:3)
  3 adders
  An ufetubus (D:5)
  A worm (D:4)
  2 dart slugs
  4 orcs
  5 ball pythons
  7 endoplasms
  3 giant cockroaches
  5 goblins
  5 hobgoblins
  3 jackals (D:2)
  2 quokkas
  3 bats
  6 frilled lizards
  7 kobolds
  4 rats
66 creatures vanquished.

Notes
Turn   | Place    | Note
-------+----------+-------------------------------------------
     0 | D:1      | Hadkhar the Gargoyle Earth Elementalist began the quest for
                  | the Orb.
     0 | D:1      | Reached XP level 1. HP: 10/10 MP: 3/3
   170 | D:1      | Reached XP level 2. HP: 15/15 MP: 3/5
   248 | D:1      | Reached skill level 4 in Earth Magic
  1089 | D:2      | Reached XP level 3. HP: 15/19 MP: 6/6
  1383 | D:2      | Found a faded altar of an unknown god.
  2074 | D:3      | Found a glowing drain.
  2077 | D:3      | You fall into a shaft and drop 2 floors!
  2077 | D:5      | Entered Level 5 of the Dungeon
  2149 | D:4      | Reached XP level 4. HP: 24/24 MP: 5/7
  2165 | D:4      | Reached skill level 5 in Earth Magic
  2409 | D:4      | Reached XP level 5. HP: 24/28 MP: 6/9
  2896 | D:3      | Found Vahaoqorad's Jewellery Shop.
  3396 | D:3      | Identified the +5 quarterstaff of Mus Dyha {vorpal, *Noise
                  | rPois rC+ Dex+4}
  3410 | D:3      | Noticed Ijyb
  3421 | D:3      | Killed Ijyb
  4236 | D:4      | Reached skill level 1 in Fighting
  4236 | D:4      | Reached skill level 1 in Armour
  4236 | D:4      | Reached XP level 6. HP: 3/34 MP: 10/10
  4236 | D:4      | Slain by an orc wizard

Illustrated notes

Levels and vault maps discovered:
D:1:      dpeg_arrival_pond, layout_basic, nicolae_kite_square_tiling_tiny,
          grunt_decor_cap
D:2:      layout_rooms, shapermc_ecumenical_altar_pompeii
D:3:      layout_basic, gup_sewer_entry_glass, serial_co_window_serial,
          co_window_of_opportunity_a, co_window_of_opportunity_a,
          co_window_corner_a, co_window_corner_a, co_window_corner_a,
          co_window_of_opportunity_c, co_window_corner_b,
          co_window_of_opportunity_c, co_window_paths_c, co_window_cross_4,
          glass_columns_c, glass_columns_b, glass_columns_b, glass_columns_b,
          serial_shops, nicolae_diamond_shop, kennysheep_another_room, uniq_ijyb
D:4:      layout_cave_pools, nicolae_tso_swordbearing_angel,
          minmay_temple_entry_grid, nicolae_specific_store,
          minmay_strange_pillars, uniq_grinder
D:5:      layout_basic, fedhas_altar_4, kennysheep_nondescript,
          kennysheep_small_spiral, uniq_pikel

Skill      XL: |  1  2  3  4  5 |
---------------+----------------+-----
Earth Magic    | 4 5 |  5.9
Stealth        | 3 4 |  4.0
Spellcasting   | 3 |  3.1
Fighting       | 1 |  1.2
Armour         | 1 |  1.1
Dodging        | |  1.5
Transmutations | |  0.7

Action                   |  1- 3 |  4- 6 || total
-------------------------+-------+-------++-------
Melee: War axe           |    17 |    80 ||    97
       Quarterstaff      |       |    15 ||    15
Throw: Dart              |     1 |       ||     1
 Cast: Sandblast         |    54 |    12 ||    66
 Stab: Sleeping          |       |     1 ||     1
Armor: Robe              |     5 |       ||     5
       Ring mail         |     6 |    95 ||   101
Dodge: Dodged            |    19 |    89 ||   108
Block: Buckler           |     2 |    15 ||    17
